 Dungeon Crawl Stone Soup version 0.27.1-3-gb3d3a73c9e (webtiles) character file.

Game seed: 4944621364400739838

2 Crownlay the Digger (level 1, -1/10 HPs)
             Began as a Gargoyle Earth Elementalist on Oct 17, 2021.
             Slain by a quokka (3 damage)
             ... on level 1 of the Dungeon.
             The game lasted 00:00:29 (275 turns).

Crownlay the Digger (Gargoyle Earth Elementalist)    Turns: 275, Time: 00:00:29

Health: -1/10      AC:  4    Str: 11    XL:     1   Next: 40%
Magic:  0/3        EV: 12    Int: 15    God:
Gold:   10         SH:  5    Dex: 10    Spells: 3/4 levels left

rFire    . . .     SeeInvis .   f - +0 spear
rCold    . . .     Faith    .   (no shield)
rNeg     + . .     Spirit   .   b - +0 robe
rPois    ∞         Reflect  +   (no helmet)
rElec    +         Harm     .   (no cloak)
rCorr    .         Rampage  .   (no gloves)
Will     .....                  (no boots)
Stlth    ++........             g - amulet of reflection
HPRegen  0.03/turn              (no ring)
MPRegen  0.08/turn              (no ring)

@: no status effects
A: sickness immunity, AC +2, negative energy resistance 1, electricity
resistance, torment resistance 1, petrification resistance
a: no special abilities


You were on level 1 of the Dungeon.
You visited 1 branch of the dungeon, and saw 1 of its levels.

You collected 10 gold pieces.

Inventory:

Hand Weapons
 f - a +0 spear (weapon)
Missiles
 c - 25 stones
 d - 5 curare-tipped darts
Armour
 b - a +0 robe (worn)
Jewellery
 g - an amulet of reflection (around neck)
Scrolls
 a - a scroll of amnesia {unknown}
 e - a scroll of fog {unknown}


   Skills:
 + Level 1.6 Dodging
 + Level 2.2 Stealth
 + Level 2.0 Spellcasting
 + Level 0.8 Transmutations
 + Level 3.6 Earth Magic


You had 3 spell levels left.
You knew the following spells:

 Your Spells              Type           Power      Damage    Failure   Level
a - Sandblast             Erth           24%        2d8       4%          1

Your spell library contained the following spells:

 Spells                   Type           Power      Damage    Failure   Level
 Passwall                 Tmut/Erth      6%         N/A       13%         2
 Stone Arrow              Conj/Erth      14%        3d7       30%         3
 Petrify                  Tmut/Erth      8%         N/A       65%         4


Dungeon Overview and Level Annotations

Branches:
Dungeon (1/15)

Altars:


Innate Abilities, Weirdness & Mutations

You are immune to sickness and miasma.
Your stone body is resilient. (AC +2)
You are immune to poison.
You resist negative energy. (rN+)
You are resistant to electric shocks. (rElec)
You are resistant to unholy torment.
You are immune to petrification.


Message History

The quokka completely misses you. The quokka barely misses you.
You hit the quokka but do no damage. The quokka bites you.
You barely miss the quokka. You block the quokka's attack.
You completely miss the quokka. The quokka closely misses you. x2
You closely miss the quokka.
The goblin shouts!
You block the quokka's attack.
You closely miss the quokka. The quokka bites you.
* * * LOW HITPOINT WARNING * * *
You are too injured to fight recklessly!
You are too injured to fight recklessly!
You are too injured to fight recklessly!
You are too injured to fight recklessly!
You are too injured to fight recklessly!
You are too injured to fight recklessly!
Casting: Sandblast (safe; 4% risk of failure)
Confirm with . or Enter, or press ? or * to list all spells.
Aiming: Sandblast (safe; 4% risk of failure)
Press: ? - help, Shift-Dir - straight line, f - quokka
Aim: a quokka (71% to hit)
The blast of sand hits the quokka.
The quokka is lightly wounded.
The quokka bites you but does no damage.
Casting: Sandblast (safe; 4% risk of failure)
Confirm with . or Enter, or press ? or * to list all spells.
Aiming: Sandblast (safe; 4% risk of failure)
Press: ? - help, Shift-Dir - straight line, f/p - quokka
Aim: a quokka (lightly wounded, 71% to hit)
The blast of sand hits the quokka but does no damage.
The quokka is lightly wounded.
The quokka closely misses you. You block the quokka's attack.
Casting: Sandblast (safe; 4% risk of failure)
Confirm with . or Enter, or press ? or * to list all spells.
Aiming: Sandblast (safe; 4% risk of failure)
Press: ? - help, Shift-Dir - straight line, f/p - quokka
Aim: a quokka (lightly wounded, 71% to hit)
The blast of sand hits the quokka but does no damage.
The quokka is lightly wounded.
The quokka bites you.
You die...

##'''''##..
#.##...###.......###
..... #...........# .
..... #...........# ..#
#...#######'''##### ...#
#g..#o#...........#
#..##...###..8†###.8..#
#....r.#≈.............
###..#.@.#≈≈...........≈
.........#≈≈≈.........≈≈
.........#≈≈≈≈≈≈...≈≈≈≈≈
.####....#≈≈≈≈≈≈≈.≈≈≈≈≈≈
###..#≈≈≈≈≈≈≈<≈≈≈≈≈≈ #
##..###############
..##..................
#.....................
####.....#####..#..###


You could see a quokka and a goblin.

Vanquished Creatures
  An endoplasm (D:1)
  A giant cockroach (D:1)
2 creatures vanquished.

Notes
Turn   | Place    | Note
-------+----------+-------------------------------------------
     0 | D:1      | Crownlay the Gargoyle Earth Elementalist began the quest
                  | for the Orb.
     0 | D:1      | Reached XP level 1. HP: 10/10 MP: 3/3
   275 | D:1      | Slain by a quokka

Illustrated notes

Levels and vault maps discovered:
D:1:      lordsloth_arrival_two_stooges, layout_rooms,
          hellmonk_ecumenical_altar_zigzags

Action                   || total
-------------------------++-------
Melee: Unarmed           ||    18
       Spear             ||     8
 Cast: Sandblast         ||     5
Armor: Robe              ||     8
Dodge: Dodged            ||    15
Block: Other             ||     4
